 Dungeon Crawl Stone Soup version 0.18-a0-1772-gce6d5cf (webtiles) character file.

24339 Espgualade the Destroyer (level 13, -4/78 HPs)
             Began as a Tengu Ice Elementalist on Apr 15, 2016.
             Was a High Priest of Vehumet.
             Slain by Rupert
             ... wielding a +2 battleaxe of electrocution
              (43 damage)
             ... on level 4 of the Lair of Beasts.
             The game lasted 02:00:24 (24109 turns).

Espgualade the Destroyer (Tengu Ice Elementalist)  Turns: 24109, Time: 02:00:28

Health: -4/78      AC: 11    Str: 11    XL:     13   Next: 12%
Magic:  3/37       EV: 18    Int: 19    God:    Vehumet [*****.]
Gold:   878        SH:  0    Dex: 16    Spells: 7 memorised, 9 levels left

rFire  . . .     SeeInvis .     q - +2 whip (elec)
rCold  + . .     Gourm    .     G - +2 robe {rC+}
rNeg   . . .     Faith    .     (no shield)
rPois  .         Spirit   .     (helmet restricted)
rElec  .         Dismiss  .     v - +1 cloak
rCorr  .         Reflect  .     g - +2 pair of gloves
SustAt .         Harm     .     (boots unavailable)
MR     +....                    (no amulet)
Stlth  ++++......               o - +2 ring of protection
                                k - ring of magical power

@: somewhat resistant to hostile enchantments, stealthy
A: beak, horns 1, talons 3, agile 1, magic resistance 1, able to fly 1
a: Fly, Renounce Religion


You were on level 4 of the Lair of Beasts.
You worshipped Vehumet.
Vehumet was extremely pleased with you.
You were near starving.

You visited 3 branches of the dungeon, and saw 19 of its levels.

You collected 878 gold pieces.

Inventory:

Hand Weapons
 p - a +2 short sword of draining
 q - a +2 whip of electrocution (weapon)
Armour
 g - a +2 pair of gloves (worn)
 v - a +1 cloak (worn)
 G - a +2 robe of cold resistance (worn)
Magical Staves
 K - an uncursed staff of earth
Jewellery
 c - an uncursed ring of protection from magic
 k - a ring of magical power (left hand)
 m - an uncursed ring of stealth
 o - a +2 ring of protection (right hand)
 x - an uncursed ring of see invisible
Wands
 f - a wand of polymorph (14/24)
 r - a wand of confusion (20/48)
 s - a wand of polymorph (0/24)
 w - a wand of slowing (15/48)
 A - a wand of paralysis (1/24)
 F - a wand of lightning (2/15)
 H - a wand of digging (7/24)
 Q - a wand of flame (15/48)
 R - a wand of acid (3/15)
Scrolls
 e - 9 scrolls of remove curse
 j - 8 scrolls of identify
 u - 4 scrolls of enchant weapon
 y - 4 scrolls of teleportation
 J - 5 scrolls of enchant armour
Potions
 b - a potion of beneficial mutation {unknown}
 h - a potion of ambrosia {unknown}
 C - a potion of haste
 D - 3 potions of cancellation
 E - 2 potions of cure mutation
 P - 3 potions of curing
Books
 a - a book of Burglary

   Spells                             Type                      Level
   a - Swiftness                      Charms/Air                   2
   b - Passwall                       Transmutation/Earth          2
   c - Passage of Golubria            Translocation                4
   d - Lee's Rapid Deconstruction     Earth                        5
   e - Darkness                       Hexes                        6
   f - Invisibility                   Hexes                        6
 d - a book of Conjurations

   Spells                             Type                      Level
   a - Magic Dart                     Conjuration                  1
   b - Searing Ray                    Conjuration                  2
   c - Dazzling Spray                 Conjuration/Hexes            3
   d - Fulminant Prism                Conjuration/Hexes            4
   e - Iskenderun's Mystic Blast      Conjuration                  4
   f - Iskenderun's Battlesphere      Conjuration/Charms           5
 n - a book of Party Tricks

   Spells                             Type                      Level
   a - Summon Butterflies             Summoning                    1
   b - Apportation                    Translocation                1
   c - Tukima's Dance                 Hexes                        3
   d - Alistair's Intoxication        Transmutation/Poison         5
   e - Invisibility                   Hexes                        6
 B - a book of Dreams

   Spells                             Type                      Level
   a - Ensorcelled Hibernation        Hexes/Ice                    2
   b - Silence                        Hexes/Air                    5
   c - Darkness                       Hexes                        6
   d - Shadow Creatures               Summoning                    6
 M - a book of Enchantments

   Spells                             Type                      Level
   a - Cause Fear                     Hexes                        4
   b - Yara's Violent Unravelling     Hexes/Transmutation          5
   c - Silence                        Hexes/Air                    5
   d - Deflect Missiles               Charms/Air                   6
   e - Haste                          Charms                       6
   f - Discord                        Hexes                        8
Comestibles
 i - 5 meat rations
 l - 4 beef jerkies
 t - 6 royal jellies
 z - 2 slices of pizza
 S - 2 bread rations


   Skills:
 - Level 8.3 Fighting
 - Level 4.1 Maces & Flails
 - Level 9.0 Dodging
 - Level 7.6 Stealth
 + Level 10.8 Spellcasting
 - Level 11.0 Conjurations
 - Level 5.0 Summonings
 - Level 5.1 Fire Magic
 - Level 5.0 Ice Magic
 - Level 3.0 Earth Magic


You had 9 spell levels left.
You knew the following spells:

 Your Spells              Type           Power        Failure   Level  Hunger
a - Freeze                Ice            ####         1%          1    None
b - Throw Frost           Conj/Ice       #####.       1%          2    None
c - Ozocubu's Armour      Chrm/Ice       ###.....     10%         3    None
d - Throw Icicle          Conj/Ice       #####...     1%          4    ##.....
e - Summon Ice Beast      Ice/Summ       ####....     12%         4    ##.....
f - Iskenderun's Battles  Conj/Chrm      ####....     5%          5    ####...
g - Bolt of Magma         Conj/Fire/Erth ####......   4%          5    ####...


Dungeon Overview and Level Annotations

Branches:
Dungeon (14/15)            Temple (1/1) D:6            Lair (4/8) D:10
    Orc (0/2) D:12
  Swamp: Lair:3-6    Shoals: Lair:3-6     Snake: Lair:3-6    Spider: Lair:3-6
 Vaults: D:13-14

Altars:
Ashenzari
Cheibriados
Dithmenos
Elyvilon
Fedhas
Gozag
Kikubaaqudgha
Makhleb
Nemelex Xobeh
Okawaru
Pakellas
Qazlal
Ru
Sif Muna
Trog
Vehumet
Xom
Yredelemnul
Zin
The Shining One

Shops:
D:9 }

Portals:
Trove: D:11 (give 13 potions of heal wounds)

Annotations:
D:4 Grinder
D:8 Grum
D:9 Erica
Lair:1 Nergalle
Lair:4 Rupert


Innate Abilities, Weirdness & Mutations

You have a beak for a mouth.
You have claws for feet.
You can fly.
You have a pair of small horns on your head.
You are agile. (Dex +2)
You are resistant to hostile enchantments.


Message History

Rupert rages.
Rupert hits you with a battleaxe of electrocution!!
Evoke which item? (* to show all) (? for menu, Esc to quit)
Okay, then.
Read which item? (? for menu, Esc to quit)
Okay, then.
Drink which item? (? for menu, Esc to quit)
You feel much better.
Rupert hits you with a battleaxe of electrocution.
Evoke which item? (* to show all) (? for menu, Esc to quit)
Zapping:
F - a wand of lightning {zapped: 4} (will waste charges)
Press: ? - help, Shift-Dir - straight line, f/p - Rupert
Aim: Rupert, wielding a battleaxe of electrocution and wearing a glowing ring mail (almost dead, berserk, fast, unusually strong, unusually resistant)
You hear a mighty clap of thunder!
The bolt of lightning hits Rupert.
Rupert resists.
Rupert is almost dead.
Evoking this partially-identified wand wasted a few charges.
Rupert hits you with a battleaxe of electrocution!!!
Ouch! That really hurt!
You die...

#....#....................
##....#....................
#..........................
##....................<.P#.
##.##..................##.
######P.....*........###.
#...............##..
#...@...........##P.
#..@................
##..................
#...<...........##..
#...............##..
#####÷###...P...##..
#P.##.......#.... ######
#P÷##............
#.P#.######...............
#.................P.......


You could see Rupert (berserk) and a friendly battlesphere.

Vanquished Creatures
  A fire dragon (D:7)
  A hydra (Lair:4)
  3 hill giants
  2 cyclopes (D:12)
  An ugly thing (D:12)
  4 oklob plants (Lair:2)
  A manticore (D:13)
  6 spiny frogs
  A rime drake (Lair:2)
  3 komodo dragons
  2 guardian mummies (D:11)
  A troll (D:11)
  4 blink frogs (Lair:4)
  A two-headed ogre (D:9)
  2 wraiths
  A wyvern (D:11)
  A hippogriff (D:11)
  14 yaks
  A hungry ghost (D:11)
  A steam dragon (D:12)
  The ghost of Kaishin the Insei, an amateur OpTm (D:4)
  5 water moccasins
  8 porcupines
  2 soldier ants (D:8)
  6 orc warriors
  5 phantoms
  2 wasps
  6 sky beasts
  2 ice beasts
  A black bear (D:9)
  3 centaurs
  A necrophage (D:8)
  5 ogres
  4 wolves
  12 crocodiles
  2 big kobolds
  19 giant frogs
  Blork the orc (D:6)
  A wyvern zombie (D:11)
  A water moccasin skeleton (D:7)
  3 scorpions
  5 killer bees
  3 electric eels (D:7)
  11 wights
  8 howler monkeys
  6 crimson imps
  A giant frog zombie (D:7)
  A quasit (D:6)
  5 centaur skeletons
  A giant frog skeleton (D:11)
  11 hounds
  A jelly (D:6)
  4 orc priests
  6 orc wizards
  Jessica (D:3)
  8 iguanas
  13 worker ants
  A killer bee zombie (D:7)
  A worker ant zombie (D:5)
  8 adders
  13 river rats
  2 oozes
  A worm (D:6)
  3 dart slugs
  3 giant geckos
  15 orcs
  4 giant cockroaches
  9 goblins
  8 hobgoblins
  8 jackals
  5 quokkas
  2 ball pythons
  19 bats
  7 giant newts
  2 jackal skeletons
  20 kobolds
  10 rats
  10 plants (Lair:2)
377 creatures vanquished.

Vanquished Creatures (collateral kills)
  Snorg (D:10)
  An oklob plant (Lair:2)
  A griffon (Lair:4)
  A rime drake (Lair:3)
  A troll (D:10)
  6 yaks
  A basilisk (Lair:4)
  A wolf (Lair:3)
  4 killer bees (D:10)
  A hound (D:11)
  2 iguanas
  5 river rats (Lair:3)
  3 orcs
  A rat (D:10)
  A plant (Lair:2)
30 creatures vanquished.

Vanquished Creatures (others)
  A bat (D:2)
  A goblin (D:2)
  2 fungi
  2 plants
6 creatures vanquished.

Grand Total: 413 creatures vanquished

Notes
Turn   | Place    | Note
--------------------------------------------------------------
     0 | D:1      | Espgualade the Tengu Ice Elementalist began the quest for the Orb.
     0 | D:1      | Reached XP level 1. HP: 10/10 MP: 4/4
   159 | D:1      | Reached skill level 1 in Fighting
   290 | D:1      | Reached XP level 2. HP: 6/16 MP: 0/6
  1334 | D:1      | Reached XP level 3. HP: 19/22 MP: 7/7
  1381 | D:1      | Learned a level 2 spell: Throw Frost
  1385 | D:1      | Learned a level 3 spell: Ozocubu's Armour
  1466 | D:2      | Found a radiant altar of Vehumet.
  1483 | D:2      | Became a worshipper of Vehumet
  1486 | D:2      | Found an ancient bone altar of Kikubaaqudgha.
  2093 | D:2      | Reached XP level 4. HP: 22/28 MP: 8/8
  2106 | D:2      | Reached * piety under Vehumet
  2106 | D:2      | Offered knowledge of Shock by Vehumet.
  2292 | D:3      | Noticed Jessica
  2300 | D:3      | Killed Jessica
  2501 | D:3      | Gained mutation: You can fly. [Tengu growth]
  2501 | D:3      | Reached XP level 5. HP: 34/34 MP: 9/9
  2787 | D:4      | Reached skill level 5 in Fighting
  2916 | D:4      | Noticed Kaishin's ghost (amateur OpTm)
  2967 | D:4      | Killed Kaishin's ghost
  2967 | D:4      | Reached XP level 6. HP: 40/40 MP: 10/10
  3206 | D:4      | Reached XP level 7. HP: 21/44 MP: 11/11
  3488 | D:4      | Offered knowledge of Sandblast by Vehumet.
  3518 | D:4      | Found an opulent altar of Gozag.
  3588 | D:4      | Noticed Grinder
  3612 | D:4      | Paralysed by Grinder for 5 turns
  3815 | D:5      | Entered Level 5 of the Dungeon
  3838 | D:5      | Reached ** piety under Vehumet
  4300 | D:5      | Reached skill level 5 in Dodging
  4437 | D:5      | Reached skill level 5 in Stealth
  5000 | D:5      | Reached XP level 8. HP: 46/49 MP: 12/12
  5168 | D:5      | Learned a level 4 spell: Throw Icicle
  5188 | D:6      | Found a staircase to the Ecumenical Temple.
  5219 | Temple   | Entered the Ecumenical Temple
  5656 | D:6      | Noticed Blork the orc
  5756 | D:6      | Found an iron altar of Okawaru.
  5863 | D:6      | Killed Blork the orc
  5863 | D:6      | Reached skill level 2 in Conjurations
  5994 | D:6      | Reached skill level 5 in Ice Magic
  6139 | D:7      | Reached skill level 3 in Conjurations
  6260 | D:7      | Reached skill level 4 in Conjurations
  6320 | D:7      | Offered knowledge of Searing Ray by Vehumet.
  6320 | D:7      | Reached XP level 9. HP: 30/54 MP: 15/15
  6332 | D:7      | Learned a level 4 spell: Summon Ice Beast
  6503 | D:7      | Reached skill level 5 in Conjurations
  6698 | D:7      | Noticed a six-headed hydra
  6840 | D:7      | Reached skill level 6 in Conjurations
  7185 | D:7      | Reached *** piety under Vehumet
  7723 | D:7      | Found a sacrificial altar of Ru.
  7861 | D:7      | Gained mutation: You are resistant to hostile enchantments. [potion of mutation]
  7861 | D:7      | Gained mutation: You have a pair of small horns on your head. [potion of mutation]
  7861 | D:7      | Gained mutation: You are agile. (Dex +2) [potion of mutation]
  7862 | D:7      | Identified a scroll of acquirement
  7872 | D:7      | Noticed a fire dragon
  7872 | D:7      | a six-headed hydra changed into a fire dragon
  7962 | D:7      | Reached skill level 5 in Spellcasting
  7962 | D:7      | Reached skill level 7 in Conjurations
  8089 | D:7      | Killed a fire dragon
  8089 | D:7      | Reached skill level 8 in Conjurations
  8227 | D:7      | Reached XP level 10. HP: 31/59 MP: 20/20
  8443 | D:7      | Learned a level 5 spell: Iskenderun's Battlesphere
  8444 | D:8      | Noticed Grum
  8512 | D:7      | Reached skill level 1 in Summonings
  9025 | D:8      | Found a stormy altar of Qazlal.
  9025 | D:8      | Found a shadowy altar of Dithmenos.
  9481 | D:9      | Reached skill level 9 in Conjurations
  9605 | D:9      | Found an oddly glowing altar of Pakellas.
  9605 | D:9      | Found Pakellas's Prime Provisions.
  9622 | D:9      | Reached skill level 1 in Maces & Flails
  9644 | D:9      | Reached skill level 5 in Summonings
  9673 | D:9      | Noticed Erica
  9826 | D:9      | Offered knowledge of Ignite Poison by Vehumet.
 11235 | D:8      | Reached **** piety under Vehumet
 11404 | D:9      | Found a white marble altar of Elyvilon.
 11424 | D:10     | Entered Level 10 of the Dungeon
 11498 | D:10     | Offered knowledge of Irradiate by Vehumet.
 11779 | D:10     | Found a staircase to the Lair.
 11931 | D:10     | Noticed Snorg
 12057 | D:11     | Noticed a hill giant
 12091 | D:11     | Killed a hill giant
 12091 | D:11     | Reached XP level 11. HP: 31/64 MP: 8/23
 12098 | D:11     | Reached skill level 10 in Conjurations
 12586 | D:11     | Noticed a hill giant
 12609 | D:11     | Killed a hill giant
 13107 | D:11     | Reached ***** piety under Vehumet
 13403 | D:11     | Offered knowledge of Bolt of Magma by Vehumet.
 13515 | D:11     | Found a portal to a secret trove of treasure.
 13591 | D:11     | Reached skill level 11 in Conjurations
 14333 | D:9      | Learned a level 5 spell: Bolt of Magma
 14404 | Lair:1   | Entered Level 1 of the Lair of Beasts
 14862 | Lair:1   | Noticed Nergalle
 15265 | D:10     | Killed Snorg
 16159 | D:12     | Noticed a cyclops
 16282 | D:12     | Killed a cyclops
 16537 | D:12     | Noticed a cyclops
 16656 | D:12     | Killed a cyclops
 16656 | D:12     | Reached XP level 12. HP: 74/74 MP: 14/25
 16719 | D:12     | Reached skill level 1 in Fire Magic
 17166 | D:12     | Found a staircase to the Orcish Mines.
 17279 | D:13     | Noticed a centaur warrior
 19283 | Lair:2   | Reached skill level 5 in Fire Magic
 19889 | Lair:2   | Reached skill level 1 in Earth Magic
 22684 | Lair:3   | Reached skill level 10 in Spellcasting
 22944 | Lair:4   | Noticed a seven-headed hydra
 22969 | Lair:4   | Killed a seven-headed hydra
 22969 | Lair:4   | Reached XP level 13. HP: 78/78 MP: 16/28
 24060 | Lair:4   | Noticed Rupert
 24109 | Lair:4   | Slain by Rupert

Vault maps used:
D:1:      dpeg_arrival_houses_and_road
D:2:      fiery_altar_vehumet, lemuel_crystal_altar, st_stairs_4
D:3:      uniq_jessica
D:4:      lemuel_crystal_altar, uniq_grinder
D:5:      first_bread, minmay_misc_feat_square
D:6:      nicolae_overflow_hidden_temple, minmay_temple_entry_mist,
          uniq_blork_the_orc
D:7:      kennysheep_big_flooded_room, lemuel_coloured_pillars_altar
D:8:      gammafunk_temple_overflow_elements, hangedman_pestilent_swarm,
          uniq_grum
D:9:      kennysheep_mini_moat, johnstein_pakellas_shop, uniq_erica
D:10:     grunt_lair_entry_orc_guard_hut, roderic_lattice_a, uniq_snorg
D:11:     nicolae_trove_entry_path_of_doom
D:12:     orc_0_dummy
D:13:     erik_vaults_1, basic_altar, nicolae_tso_swordbearing_angel
D:14:     okawaru_ov_weapons_minmay, uniq_urug, uniq_azrael
Temple:   dpeg_five_rooms_temple_12
Lair:1:   uniq_nergalle
Lair:2:   minmay_lair_oklob_tunnel
Lair:3:   grunt_megastairs_2
Lair:4:   patterned_corridor, uniq_rupert

Skill      XL: |  1  2  3  4  5  6  7  8  9 10 11 12 |
---------------+-------------------------------------+-----
Fighting       | 1 2 3 4 5 8 |  8.3
Dodging        | 3 4 5 7 9 |  9.0
Stealth        | 3 4 5 6 7 |  7.6
Ice Magic      | 3 5 |  5.0
Conjurations   | 4 8 9 11 | 11.0
Spellcasting   | 3 6 7 8 10 | 10.8
Summonings     | 5 |  5.0
Maces & Flails | 4 |  4.1
Fire Magic     | 5 |  5.1
Earth Magic    | 3 |  3.0

Action                   |  1- 3 |  4- 6 |  7- 9 | 10-12 | 13-15 || total
-------------------------+-------+-------+-------+-------+-------++-------
Melee: Unarmed           |     3 |       |       |       |       ||     3
       Peck              |     4 |     9 |    30 |   135 |     1 ||   179
       Whip              |    36 |       |   213 |   533 |     1 ||   783
       Kick              |     6 |     7 |    59 |   210 |       ||   282
       Short sword       |     9 |    62 |    58 |    14 |       ||   143
       Headbutt          |       |       |     2 |   148 |       ||   150
       Staff             |       |       |       |    90 |     2 ||    92
 Cast: Freeze            |    36 |     2 |    30 |   163 |    16 ||   247
       Ozocubu's Armour  |       |     2 |    10 |    38 |     1 ||    51
       Throw Frost       |       |       |    12 |    90 |     8 ||   110
       Throw Icicle      |       |       |    10 |   152 |    18 ||   180
       Summon Ice Beast  |       |       |       |    55 |     8 ||    63
       Bolt of Magma     |       |       |       |    11 |     4 ||    15
       Iskenderun's Batt |       |       |       |     9 |     2 ||    11
 Abil: Fly               |       |       |     2 |    26 |     1 ||    29
Evoke: Wand              |       |       |     6 |    10 |     3 ||    19
  Use: Scroll            |     1 |     6 |     5 |    11 |     1 ||    24
       Potion            |       |     2 |    10 |     5 |     1 ||    18
 Stab: Sleeping          |     3 |     5 |     6 |    14 |       ||    28
       Distracted        |       |       |     1 |       |       ||     1
       Paralysed         |       |       |       |     1 |       ||     1
  Eat: Chunk             |     4 |     3 |     9 |    22 |     3 ||    41
       Bread ration      |       |     1 |     2 |     4 |       ||     7
       Fruit             |       |       |       |    11 |       ||    11
       Beef jerky        |       |       |       |     5 |     1 ||     6
       Meat ration       |       |       |       |     3 |       ||     3
       Royal jelly       |       |       |       |     3 |       ||     3
       Pizza             |       |       |       |     1 |       ||     1
Armor: Robe              |    18 |    20 |    80 |   216 |    11 ||   345
       Skin              |       |       |    36 |       |       ||    36
Dodge: Dodged            |    43 |    39 |   190 |   560 |    19 ||   851
